 Dungeon Sprint DCSS version 0.31-a0-128-g25add195a6 (webtiles) character file.

Game seed: 11647661481044278884

140 rocky1 the Grasshopper (level 5, -6/46 HPs)
             Began as a Gnoll Warper on June 2, 2023.
             Mangled by a shadow (20 damage)
             ... in the Dungeon (Sprint III: "The Ten Rune Challenge").
             The game lasted 00:02:03 (1281 turns).

rocky1 the Grasshopper (Gnoll Warper)               Turns: 1281, Time: 00:02:03

Health: -6/46      AC:  3    Str: 11    XL:     5   Next: 22%
Magic:  13/13      EV: 13    Int: 12    God:
Gold:   19         SH:  0    Dex: 13    Spells: 6/16 levels left

rFire   . . .        a - +0 falchion
rCold   . . .        (no shield)
rNeg    . . .        b - +0 leather armour
rPois   .            (no helmet)
rElec   .            (no cloak)
rCorr   .            (no gloves)
SInv    .            (no boots)
Will    .....        (no amulet)
Stlth   ++           (no ring)
HPRegen 0.27/turn    (no ring)
MPRegen 0.13/turn

%: no teleportation
@: hasted, very quick
A: fangs 1, strong nose, distributed training
a: no special abilities


You were in the Dungeon.
You visited 1 branch You collected 19 gold pieces.

Inventory:

Hand Weapons
 a - a +0 falchion (weapon)
Missiles
 d - 5 boomerangs of dispersal (quivered)
Armour
 b - a +0 leather armour (worn)
Scrolls
 c - 2 scrolls of blinking
 l - 2 scrolls of immolation
Potions
 h - 2 potions of magic
 j - a potion of cancellation
 k - 3 potions of mutation
 n - 2 potions of attraction
 o - 2 potions of enlightenment
 p - a potion of might {unknown}


   Skills:
 + Level 5.8 Fighting
 + Level 3.4 Short Blades
 + Level 5.8 Long Blades
 + Level 3.4 Axes
 + Level 3.4 Maces & Flails
 + Level 3.4 Polearms
 + Level 3.4 Staves
 + Level 3.4 Ranged Weapons
 + Level 4.4 Throwing
 + Level 4.4 Armour
 + Level 5.8 Dodging
 + Level 3.4 Stealth
 + Level 3.4 Shields
 + Level 3.4 Unarmed Combat
 + Level 6.1 Spellcasting
 + Level 2.8 Conjurations
 + Level 2.8 Hexes
 + Level 2.8 Summonings
 + Level 2.8 Necromancy
 + Level 6.2 Translocations
 + Level 2.8 Transmutations
 + Level 2.8 Fire Magic
 + Level 2.8 Ice Magic
 + Level 2.8 Air Magic
 + Level 2.8 Earth Magic
 + Level 2.8 Poison Magic
 + Level 3.8 Invocations
 + Level 3.4 Evocations


You had 6 spell levels left.
You knew the following spells:

 Your Spells              Type           Power      Damage    Failure   Level
a - Blink                 Tloc           36%        N/A       2%          2
b - Lesser Beckoning      Tloc           36%        N/A       2%          2
c - Teleport Other        Tloc           18%        N/A       5%          3
d - Vhi's Electric Charg  Tloc/Air       28%        N/A       11%         3

Your spell library contained the following spells:

 Spells                   Type           Power      Damage    Failure   Level
 Manifold Assault         Tloc           18%        N/A       17%         4


Dungeon Overview and Level Annotations

Branches:
Dungeon (1/1)

Altars:


Innate Abilities, Weirdness & Mutations

You have very sharp teeth.
Your uncanny sense of smell can sniff out nearby items.
Your experience applies equally to all skills.


Message History

The shadow barely misses you.
You barely miss the shadow. The shadow misses you.
You hit the shadow but do no damage. The shadow barely misses you.
You hit the shadow. Your bite misses the shadow.
The shadow is lightly damaged.
The shadow slips into darkness.
The shadow flickers and vanishes!
Deactivating autopickup; reactivate with Ctrl-A.
The shadow strikes at you from the darkness!
Reactivating autopickup.
You hit the shadow but do no damage.
The shadow is lightly damaged.
The shadow hits you!
You barely miss the shadow.
The shadow is lightly damaged.
The shadow slips into darkness.
The shadow flickers and vanishes!
Deactivating autopickup; reactivate with Ctrl-A.
You hit something but do no damage.
The shadow strikes at you from the darkness!
* * * LOW HITPOINT WARNING * * *
Reactivating autopickup.
Unknown command.
You feel better. The shadow completely misses you.
Unknown command.
You feel yourself speed up. The shadow misses you.
You barely miss the shadow. Your bite misses the shadow.
The shadow is lightly damaged.
You hit the shadow but do no damage. Your bite misses the shadow.
The shadow is lightly damaged.
The shadow closely misses you.
You hit the shadow.
The shadow is moderately damaged.
The shadow slips into darkness.
The shadow flickers and vanishes!
Deactivating autopickup; reactivate with Ctrl-A.
You hit something. You hit something but do no damage.
The shadow strikes at you from the darkness!
You die...

▓ ▓▓▓ ♣♣♣ ♣.# ∆ ..♣ ♣.# ∆
∆ ∆ ∆ ♣♣♣ ♣♣.#∆ ∆ ∆ ∆∆
~♣♣♣♣..###+#+###+##∆∆
~..♣♣♣.#..........# ∆
~~..♣..'.⌠........#∆∆∆∆∆∆
≈~~~♣♣.#...######'#
~~~....#.⌠.# #{@.#
~~.....#...#∆ #...#
.......#+### #...#
.......# ∆∆ #...+
.......# +...# ▓▓▓▓▓▓▓▓
▓▓▓▓▓


There were no monsters in sight!

Vanquished Creatures
  A water elemental (D)
  A jelly (D)
  Jessica (D)
  A human (D)
  A phantom (D)
  2 endoplasms (D)
  A rat (D)
8 creatures vanquished.

Notes
Turn   | Place    | Note
-------+----------+-------------------------------------------
     0 | D        | rocky1 the Gnoll Warper began the quest for the Orb.
     0 | D        | Reached XP level 1. HP: 20/20 MP: 6/6
    10 | D        | Reached skill level 5 in Spellcasting
   185 | D        | Noticed Jessica
   192 | D        | Killed Jessica
   193 | D        | Reached skill level 5 in Fighting
   193 | D        | Reached skill level 1 in Short Blades
   193 | D        | Reached skill level 5 in Long Blades
   193 | D        | Reached skill level 1 in Axes
   193 | D        | Reached skill level 1 in Maces & Flails
   193 | D        | Reached skill level 1 in Polearms
   193 | D        | Reached skill level 1 in Staves
   193 | D        | Reached skill level 1 in Ranged Weapons
   193 | D        | Reached skill level 5 in Dodging
   193 | D        | Reached skill level 1 in Stealth
   193 | D        | Reached skill level 1 in Shields
   193 | D        | Reached skill level 1 in Unarmed Combat
   193 | D        | Reached skill level 1 in Conjurations
   193 | D        | Reached skill level 1 in Hexes
   193 | D        | Reached skill level 1 in Summonings
   193 | D        | Reached skill level 1 in Necromancy
   193 | D        | Reached skill level 1 in Transmutations
   193 | D        | Reached skill level 1 in Fire Magic
   193 | D        | Reached skill level 1 in Ice Magic
   193 | D        | Reached skill level 1 in Air Magic
   193 | D        | Reached skill level 1 in Earth Magic
   193 | D        | Reached skill level 1 in Poison Magic
   193 | D        | Reached skill level 1 in Evocations
   193 | D        | Reached XP level 2. HP: 26/27 MP: 8/8
   193 | D        | Reached XP level 3. HP: 32/33 MP: 9/9
   364 | D        | Learned a level 2 spell: Blink
   367 | D        | Learned a level 2 spell: Lesser Beckoning
   371 | D        | Learned a level 3 spell: Teleport Other
   375 | D        | Learned a level 3 spell: Vhi's Electric Charge
   799 | D        | Noticed a water elemental
   803 | D        | Killed a water elemental
   804 | D        | Reached XP level 4. HP: 39/39 MP: 12/12
   966 | D        | Reached XP level 5. HP: 13/46 MP: 13/13
  1267 | D        | Noticed a shadow
  1274 | D        | HP: 2/46 [something (19)]
  1281 | D        | Mangled by a shadow

Illustrated notes

Levels and vault maps discovered:
D:        dungeon_sprint_mu [sprint_mu_entry_forest, sprint_mu_temple_rooms,
          sprint_mu_d1_horrors, sprint_mu_d2_genie, sprint_mu_d3_branching,
          sprint_mu_orc_legion, sprint_mu_elf_gauntlet, sprint_mu_hive_nellie,
          sprint_mu_lair_fedhas, sprint_mu_vaults_butterflies,
          sprint_mu_slime_circle, sprint_mu_swamp_cave, sprint_mu_snake_twists,
          sprint_mu_blade_basic, sprint_mu_crypt_chambers,
          sprint_mu_tomb_spiral, sprint_mu_vestibule_basic,
          sprint_mu_gehenna_hellfire, sprint_mu_dis_giant,
          sprint_mu_tartarus_statrot, sprint_mu_cocytus_islands, sprint_mu_zot1]

Skill      XL: |  1  2  3 |
---------------+----------+-----
Spellcasting   | 5 6 |  6.1
Fighting       | 5 |  5.8
Short Blades   | 1 3 |  3.4
Long Blades    | 5 |  5.8
Axes           | 1 3 |  3.4
Maces & Flails | 1 3 |  3.4
Polearms       | 1 3 |  3.4
Staves         | 1 3 |  3.4
Ranged Weapons | 1 3 |  3.4
Throwing       | 3 4 |  4.4
Armour         | 3 4 |  4.4
Dodging        | 5 |  5.8
Stealth        | 1 3 |  3.4
Shields        | 1 3 |  3.4
Unarmed Combat | 1 3 |  3.4
Conjurations   | 1 2 |  2.8
Hexes          | 1 2 |  2.8
Summonings     | 1 2 |  2.8
Necromancy     | 1 2 |  2.8
Transmutations | 1 2 |  2.8
Fire Magic     | 1 2 |  2.8
Ice Magic      | 1 2 |  2.8
Air Magic      | 1 2 |  2.8
Earth Magic    | 1 2 |  2.8
Poison Magic   | 1 2 |  2.8
Invocations    | 2 3 |  3.8
Evocations     | 1 3 |  3.4
Translocations | 6 |  6.2

Action                     |  1- 3 |  4- 6 || total
---------------------------+-------+-------++-------
  Melee: Falchion          |    48 |    15 ||    63
         Bite              |     3 |     1 ||     4
         Punch             |     1 |       ||     1
  Throw: Boomerang         |     2 |       ||     2
    Use: Potion            |     2 |     2 ||     4
         Scroll            |       |     4 ||     4
   Stab: Sleeping          |     1 |       ||     1
 Armour: Leather armour    |     3 |       ||     3
  Dodge: Dodged            |    24 |     7 ||    31

Table legend: (Time is in decaauts)
 A = Elapsed time spent in this place.
 B = Non-inter-level travel time spent in this place.
 C = Inter-level travel time spent in this place.
 D = Time resting spent in this place.
 E = Time spent auto-exploring this place.
 F = Levels seen in this place.
 G = Mean time per level.
                   A        B        C        D        E       F      G
               +--------+--------+--------+--------+--------+-----+--------+
         Total |   1301 |   1301 |      0 |   1113 |      0 |   1 | 1301.0 |
       Dungeon |   1301 |   1301 |      0 |   1113 |      0 |   1 | 1301.0 |
               +--------+--------+--------+--------+--------+-----+--------+

Top non-repeatable levels by time:
       D: 1301 daAuts
